 Dungeon Crawl Stone Soup version 0.25-a0-577-ga4619f409e (webtiles) character file.

Game seed: 4630790757603079104, levelgen mode: deterministic

230 kae the Sneak (level 5, -2/28 HPs)
             Began as a Vampire Enchanter on Mar 2, 2020.
             Slain by a hound (3 damage)
             ... on level 3 of the Dungeon.
             The game lasted 00:03:00 (3287 turns).

kae the Sneak (Vampire Enchanter)                   Turns: 3287, Time: 00:03:01

Health: -2/28      AC:  3    Str:  8    XL:     5   Next: 72%
Magic:  2/9        EV: 12    Int: 18    God:
Gold:   67         SH:  0    Dex: 14    Spells: 4/10 levels left

rFire    . . .     SeeInvis +   a - +1 dagger
rCold    + + .     Gourm    .   (no shield)
rNeg     + + +     Faith    .   b - +0 robe
rPois    ∞         Spirit   .   (no helmet)
rElec    .         Reflect  .   q - +0 cloak
rCorr    .         Harm     .   (no gloves)
MR       .....                  (no boots)
Stlth    +++++.....             (no amulet)
HPRegen  0.00/turn              (no ring)
MPRegen  0.11/turn              (no ring)

@: mighty, lethally poisoned (-2 -> -2), bloodless
A: no food, fangs 3, see invisible, unbreathing
a: Bat Form, Revivify


You were on level 3 of the Dungeon.
You were bloodless.

You visited 1 branch of the dungeon, and saw 4 of its levels.

You collected 67 gold pieces.

Inventory:

Hand Weapons
 a - a +1 dagger (weapon)
Armour
 b - a +0 robe (worn)
 q - a +0 cloak (worn)
Jewellery
 k - an uncursed ring of magical power {unknown}
Wands
 r - a wand of random effects (17)
Scrolls
 c - 2 scrolls of fog {unknown}
 d - 2 scrolls of immolation {unknown}
 e - 2 scrolls of amnesia {unknown}
 i - 3 scrolls of remove curse {unknown}
 j - 5 scrolls of identify {unknown}
 n - 2 scrolls of teleportation {unknown}
 o - a scroll of enchant armour {unknown}
 p - a scroll of fear {unknown}
 s - a scroll of enchant weapon {unknown}
Potions
 g - a potion of might
 h - 4 potions of curing {unknown}
 l - a potion of brilliance {unknown}
 m - a potion of invisibility {unknown}


   Skills:
 * Level 4.0 Short Blades
 - Level 2.1 Dodging
 + Level 5.9 Stealth
 + Level 3.0 Spellcasting
 + Level 5.7 Hexes


You had 4 spell levels left.
You knew the following spells:

 Your Spells              Type           Power        Failure   Level  Hunger
a - Corona                Hex            ###....      1%          1    N/A
b - Ensorcelled Hibernat  Hex/Ice        ##....       8%          2    N/A
c - Confusing Touch       Hex            ###.....     4%          3    N/A

Your spell library contained the following spells:

 Spells                   Type           Power        Failure   Level  Hunger
 Tukima's Dance           Hex            ###.....     4%          3    N/A
 Dazzling Flash           Conj/Hex       ##....       16%         3    N/A

Dungeon Overview and Level Annotations

Branches:
Dungeon (4/15)
 Temple: D:4-7

Altars:
Makhleb
Wu Jian
Xom

Shops:
D:4 (

Annotations:
D:4 1 runed translucent door, Xoff's ghost, novice OpWz


Innate Abilities, Weirdness & Mutations

You do not eat.
You do not regenerate when monsters are visible.
You are frail without blood (-20% HP).
You can heal yourself when you bite living creatures.
You are immune to poison.
You have razor-sharp teeth.
You have supernaturally acute eyesight. (SInv)
You can survive without breathing.


Message History

The hound misses you.
You hit the hound.
The hound is severely wounded.
The hound closely misses you.
You closely miss the hound.
The hound is severely wounded.
The hound bites you.
* * * LOW HITPOINT WARNING * * *
You barely miss the hound.
The hound is severely wounded.
The hound bites you.
* * * LOW HITPOINT WARNING * * *
The hound barely misses you.
You hit the hound but do no damage.
The hound is severely wounded.
The hound barely misses you.
It was a potion of might.
You feel very mighty all of a sudden. The hound bites you.
You die...

#..##......#
##.##......#
#.##.(....#
#..#......#
##.#......#
#........#
##.#.##### ####
#...# #... ##.@#
######.## #.h#
#......##
##.########.#######
#.................
#..............#.#
#.........#.##.#.#
#.........'.##.#.#
#.........####.#.#
#.........# #.#..


You could see a hound.

Vanquished Creatures
  Crazy Yiuf (D:2)
  An orc wizard (D:3)
  Natasha (thrice) (D:3)
  4 adders
  A worm (D:3)
  A leopard gecko (D:2)
  8 orcs (D:3)
  3 ball pythons
  5 giant cockroaches
  4 goblins
  7 hobgoblins
  A quokka (D:4)
  6 bats
  4 frilled lizards (D:2)
  3 kobolds
  6 rats
58 creatures vanquished.

Notes
Turn   | Place    | Note
-------+----------+-------------------------------------------
     0 | D:1      | kae the Vampire Enchanter began the quest for the Orb.
     0 | D:1      | Reached XP level 1. HP: 13/13 MP: 3/3
   233 | D:1      | Reached XP level 2. HP: 18/19 MP: 5/5
   815 | D:2      | Found an ornate altar of the Wu Jian Council.
   878 | D:2      | Found a faded altar of an unknown god.
   985 | D:2      | Reached XP level 3. HP: 24/24 MP: 6/6
  1152 | D:2      | Learned a level 2 spell: Ensorcelled Hibernation
  1156 | D:2      | Learned a level 3 spell: Confusing Touch
  1298 | D:2      | Found a runed translucent door.
  1299 | D:2      | Noticed Crazy Yiuf
  1390 | D:2      | Found a shimmering altar of Xom.
  1390 | D:2      | Found a burning altar of Makhleb.
  1504 | D:2      | Killed Crazy Yiuf
  1504 | D:2      | Reached skill level 5 in Stealth
  1504 | D:2      | Reached skill level 5 in Hexes
  1573 | D:3      | Reached XP level 4. HP: 30/30 MP: 7/7
  2253 | D:3      | Reached XP level 5. HP: 28/28 MP: 9/9
  2342 | D:3      | Noticed Natasha
  2352 | D:3      | Killed Natasha
  2687 | D:3      | Noticed Natasha
  2695 | D:3      | Killed Natasha
  2872 | D:3      | Noticed Natasha
  2886 | D:3      | Killed Natasha
  3221 | D:4      | Found Ome Ivol's Antique Weapon Emporium.
  3258 | D:4      | Found a runed translucent gate.
  3258 | D:4      | Noticed Xoff's ghost (novice OpWz)
  3285 | D:3      | HP: 1/28 [hound (5)]
  3287 | D:3      | Slain by a hound

Levels and vault maps discovered:
D:1:      saegor_arrival_simple_d, layout_basic, st_stairs_14,
          minmay_hedge_maze, minmay_tetromino_l4
D:2:      layout_loops_cross, gammafunk_temple_overflow_wave,
          nicolae_overflow_crystal_walls, chequers_ecumenical_altar_simple,
          ebering_dispersal_statue_hall, uniq_crazy_yiuf_cottage
D:3:      layout_basic, first_ration, uniq_natasha
D:4:      corexii_shantytown, layout_cave_pools, ebering_ghost_rock_garden,
          serial_shops, shop, trog_book

Skill      XL: |  1  2  3  4  5 |
---------------+----------------+-----
Short Blades   | 2 3 4 |  4.0
Stealth        | 5 |  5.9
Hexes          | 5 |  5.7
Spellcasting   | 3 |  3.0
Dodging        | |  2.1

Action                   |  1- 3 |  4- 6 || total
-------------------------+-------+-------++-------
Melee: Dagger            |    84 |   130 ||   214
       Bite              |     9 |     7 ||    16
 Cast: Corona            |     6 |     5 ||    11
       Ensorcelled Hiber |     3 |    18 ||    21
 Abil: Exsanguinate      |       |     1 ||     1
  Use: Potion            |       |     2 ||     2
 Stab: Sleeping          |     7 |    16 ||    23
Armor: Robe              |    12 |    24 ||    36
Dodge: Dodged            |    46 |    83 ||   129

Table legend:
 A = Non-vault XP
 B = Vault XP
 C = Vault XP percentage of total XP
 D = Non-vault monster count
 E = Vault monster count
 F = Vault count percentage of total count
                 A         B        C        D         E       F
            +---------+---------+-------+---------+---------+-------
      Total |     246 |      83 |  25.2 |      51 |       7 |  12.1
            +---------+---------+-------+---------+---------+-------
        D:1 |      16 |       8 |  33.3 |       9 |       5 |  35.7
        D:2 |      29 |      40 |  58.0 |      13 |       1 |   7.1
        D:3 |     185 |      35 |  15.9 |      27 |       1 |   3.6
        D:4 |      16 |       0 |   0.0 |       2 |       0 |   0.0
            +---------+---------+-------+---------+---------+-------
